 Dungeon Crawl Stone Soup version 0.31.0-1-g2c135a008e (webtiles) character file.

Game seed: 4464488723779693798

183 qw the Shooter (level 5, 0/40 HPs)
             Began as a Djinni Hunter on Jan 23, 2024.
             Killed from afar by Ijyb (14 damage)
             ... with a bolt of light
             ... on level 3 of the Dungeon.
             The game lasted 00:00:08 (1911 turns).

qw the Shooter (Djinni Hunter)                      Turns: 1911, Time: 00:00:08

Health: 0/40       AC:  5    Str: 10    XL:     5   Next: 94%
Gold:   181        EV: 13    Int: 11    God:
                   SH:  0    Dex: 18

rFire   + + .        a - +0 shortbow
rCold   x . .        (shield currently unavailable)
rNeg    . . .        b - +1 robe {Will+}
rPois   inf          i - +0 helmet
rElec   .            (no cloak)
rCorr   .            h - +0 pair of gloves
SInv    +            (boots unavailable)
Will    +....        (no amulet)
Stlth   +            f - ring of see invisible
HPRegen 0.26/turn    (no ring)
MPRegen 0.00/turn

%: infuse magic (-1 HP)
@: confused, flying
A: sickness immunity, fire resistance 2, cold vulnerability 1, float, innate
caster, HP casting, extra vitality 1
a: no special abilities


You were on level 3 of the Dungeon.
You visited 1 branch of the dungeon, and saw 3 of its levels.

You collected 181 gold pieces.


Innate Abilities, Weirdness & Mutations

You are immune to sickness and miasma.
You are immune to poison.
Your flesh is very heat resistant. (rF++)
You are vulnerable to cold. (rC-)
You float through the air rather than walking.
You learn spells naturally, not from books.
Your magical power is your life essence.
You have superior vitality. (+4 MHP)


   Skills:
 - Level 3.1 Fighting
 + Level 4.6 Ranged Weapons
 - Level 3.4 Dodging
 - Level 0.7 Stealth


You knew the following spells:

 Your Spells              Type           Power      Damage    Failure   Level
a - Kiss of Death         Conj/Necr      0%         2d5       34%         1
b - Lesser Beckoning      Tloc           0%         N/A       47%         2
Your spell library was empty.

Inventory:

Hand Weapons
 a - a +0 shortbow (weapon)
Armour
 b - a +1 robe of willpower (worn)
 g - a +0 ring mail
 h - a +0 pair of gloves (worn)
 i - a +0 helmet (worn)
 l - a +1 robe of cold resistance
Jewellery
 c - a ring of fire
 f - a ring of see invisible (left hand)
Scrolls
 j - a scroll of blinking {unknown}
 n - a scroll of identify
 o - a scroll of vulnerability {unknown}
Potions
 d - a potion of invisibility {unknown}
 e - a potion of berserk rage {unknown}
 k - a potion of might
 m - a potion of degeneration {unknown}

Dungeon Overview and Level Annotations

Branches:
Dungeon (3/15)

Altars:

Shops:
D:1 *

Annotations:
D:2 1 runed translucent door, Crazy Yiuf
D:3 Ijyb


Message History

Ijyb the Twisted Goblin comes into view.
She is wielding a +0 club and carrying a wand of light.
Ijyb shouts!
You shoot an arrow. The arrow hits Ijyb.
Ijyb is moderately wounded.
You shoot an arrow. The arrow hits Ijyb but does no damage.
Ijyb is moderately wounded.
Ijyb zaps a wand.
The bolt of light hits you!!
Ouch! That really hurt!
You shoot an arrow. The arrow hits Ijyb but does no damage.
Ijyb is moderately wounded.
Ijyb barely misses you.
You shoot an arrow. The arrow closely misses Ijyb.
Ijyb completely misses you.
You shoot an arrow. The arrow hits Ijyb but does no damage.
Ijyb is moderately wounded.
You hear a shout!
Ijyb barely misses you.
You shoot an arrow. The arrow hits Ijyb!
Ijyb is heavily wounded.
Ijyb hits you with a +0 club.
A hobgoblin comes into view.
Ijyb hits you with a +0 club.
You shoot an arrow. The arrow hits Ijyb but does no damage.
Ijyb is heavily wounded.
Ijyb hits you with a +0 club.
You shoot an arrow. The arrow hits Ijyb.
Ijyb is severely wounded.
Ijyb zaps a wand.
The bolt of light misses you.
You shoot an arrow. The arrow hits Ijyb but does no damage.
Ijyb is severely wounded.
Ijyb hits you with a +0 club.
You shoot an arrow. The arrow barely misses Ijyb.
You shoot an arrow. The arrow hits Ijyb but does no damage.
Ijyb is heavily wounded.
Ijyb hits you but does no damage.
The hobgoblin hits you but does no damage.
Ijyb screams, "You nasty!
Big nasty!"
Ijyb zaps a wand.
The bolt of light hits you!
You are confused.
You die...

#..# ..# ..# ..# # #.
### #.#<##... ###(.
##.#...... ##.... #
#.gg...... ##.....
###.##.@# ##.....#
........######.##....###
###..........#.##...###
#..........#.#....##$l
##.###.##..#.#...## l$
###.###.##..#.#...# r
..............#...# #
##.###.##...###'##
#.###.##.......#


You could see Ijyb and a hobgoblin.

Vanquished Creatures
  An orc priest (D:3)
  Terence (D:2)
  An orc wizard (D:3)
  Robin (D:2)
  2 dart slugs
  3 ribbon worms (D:3)
  3 orcs (D:3)
  2 ball pythons
  6 bats
  5 endoplasms (D:2)
  A giant cockroach (D:3)
  12 hobgoblins
  4 jackals (D:1)
  3 quokkas
  2 frilled lizards
  17 goblins
  2 kobolds (D:2)
  5 rats
71 creatures vanquished.

Notes
Turn   | Place    | Note
-------+----------+-------------------------------------------
     0 | D:1      | qw the Djinni Hunter began the quest for the Orb.
     0 | D:1      | Reached XP level 1. HP: 18/18 MP: 0/0
     0 | D:1      | 0 ||| qw: Version: 0.3-a-134-g2ba4250
     0 | D:1      | 0 ||| qw: Game counter: 702
     0 | D:1      | 0 ||| qw: Melee chars always use a shield: true
     0 | D:1      | 0 ||| qw: God list: Okawaru
     0 | D:1      | 0 ||| qw: Allow faded altars: false
     0 | D:1      | 0 ||| qw: Do Orc after clearing Dungeon:15 true
     0 | D:1      | 0 ||| qw: Do second Lair branch before Depths: true
     0 | D:1      | 0 ||| qw: Lair rune preference: random
     0 | D:1      | 0 ||| qw: Goals: Normal
     0 | D:1      | 0 ||| PLANNING D:1-11
    35 | D:1      | You are sucked into a shaft and drop 1 floor!
    56 | D:2      | Found a runed translucent door.
    57 | D:2      | Noticed Crazy Yiuf
   119 | D:2      | 119 ||| READING scroll labelled HAMIUN POACO.
   120 | D:2      | 120 ||| DRINKING 2 blue potions.
   173 | D:2      | 173 ||| DROPPING scroll of butterflies.
   174 | D:2      | 174 ||| DROPPING potion of lignification.
   221 | D:1      | Reached XP level 2. HP: 23/23 MP: 0/0
   227 | D:1      | Found Goijuoma's General Store.
   244 | D:1      | 244 ||| SHOPLISTING potion of mutation (80 gold, have 61).
   244 | D:1      | 244 ||| SHOPLISTING wand of roots (5) (120 gold, have 61).
   455 | D:1      | Reached XP level 3. HP: 26/28 MP: 0/0
   455 | D:1      | Learned a level 1 spell: Kiss of Death
   456 | D:1      | Reached skill level 4 in Ranged Weapons
   722 | D:1      | 722 ||| UPGRADING to +1 robe of willpower.
   732 | D:1      | 732 ||| READING 3 scrolls labelled IDEDUL ADWUH.
   732 | D:1      | 732 ||| IDENTIFYING cyan potion
   733 | D:1      | 733 ||| READING 2 scrolls of identify.
   733 | D:1      | 733 ||| IDENTIFYING coppery potion
   734 | D:1      | 734 ||| DROPPING potion of brilliance.
   848 | D:2      | Noticed Robin
   854 | D:2      | 854 ||| RETREEEEATING.
   856 | D:2      | 856 ||| RETREEEEATING.
   857 | D:2      | 857 ||| RETREEEEATING.
   863 | D:2      | Killed Robin
   864 | D:2      | Reached skill level 3 in Fighting
   864 | D:2      | Reached XP level 4. HP: 31/35 MP: 0/0
  1353 | D:2      | Noticed Terence
  1361 | D:2      | Killed Terence
  1362 | D:2      | Reached skill level 3 in Dodging
  1362 | D:2      | Reached XP level 5. HP: 36/40 MP: 0/0
  1362 | D:2      | Learned a level 2 spell: Lesser Beckoning
  1495 | D:2      | 1495 ||| DROPPING +0 leather armour.
  1496 | D:2      | 1496 ||| UPGRADING to +0 pair of gloves.
  1501 | D:2      | 1501 ||| UPGRADING to +0 helmet.
  1506 | D:2      | 1506 ||| UPGRADING to ring of see invisible.
  1507 | D:2      | 1507 ||| READING scroll of identify.
  1507 | D:2      | 1507 ||| IDENTIFYING bubbling sapphire potion
  1508 | D:2      | 1508 ||| READING scroll labelled RISENN SAOSSAPN.
  1680 | D:3      | HP: 9/40 [orc priest/+0 hand axe (3)]
  1681 | D:3      | 1681 ||| DRINKING potion of heal wounds.
  1900 | D:3      | Noticed Ijyb
  1911 | D:3      | Killed from afar by Ijyb

Levels and vault maps discovered:
D:1:      roderic_chinese_lattice_arrival, layout_basic, serial_shops,
          nicolae_shop_advertising_works [nicolae_subvault_shop_adworks]
D:2:      layout_loops_ring, item_on_display_b, uniq_terence,
          uniq_crazy_yiuf_cottage, uniq_robin
D:3:      layout_loops_ring, chequers_ecumenical_altar_simple, serial_shops,
          nicolae_lakefront_shop, lightli_corner_chamber, uniq_ijyb

Skill      XL: |  1  2  3  4 |
---------------+-------------+-----
Ranged Weapons | 4 |  4.6
Fighting       | 3 |  3.1
Dodging        | 3 |  3.4
Stealth        | |  0.7

Action                     |  1- 3 |  4- 6 || total
---------------------------+-------+-------++-------
   Fire: Shortbow          |    86 |   128 ||   214
    Use: Scroll            |     3 |     2 ||     5
         Potion            |     1 |     1 ||     2
 Armour: Leather armour    |    16 |       ||    16
         Robe              |    13 |    42 ||    55
  Dodge: Dodged            |    32 |    47 ||    79

Table legend:
 A = Non-vault XP
 B = Vault XP
 C = Vault XP percentage of total XP
 D = Non-vault monster count
 E = Vault monster count
 F = Vault count percentage of total count
                 A         B        C        D         E       F
            +---------+---------+-------+---------+---------+-------
      Total |     190 |      72 |  27.5 |      58 |      13 |  18.3
            +---------+---------+-------+---------+---------+-------
        D:1 |      37 |       0 |   0.0 |      21 |       0 |   0.0
        D:2 |      42 |      72 |  63.2 |      24 |      13 |  35.1
        D:3 |     111 |       0 |   0.0 |      13 |       0 |   0.0
            +---------+---------+-------+---------+---------+-------
